 Dungeon Crawl Stone Soup version 0.19-a0-1882-gbb73ea0 (webtiles) character file.

98 Lochraine the Ducker (level 4, -2/41 HPs)
             Began as an Ogre Arcane Marksman on Oct 14, 2016.
             Slain by a yak (17 damage)
             ... on level 3 of the Dungeon.
             The game lasted 00:09:57 (1861 turns).

Lochraine the Ducker (Ogre Arcane Marksman)         Turns: 1861, Time: 00:09:57

Health: -2/41      AC:  3    Str: 16    XL:     4   Next: 71%
Magic:  0/7        EV: 10    Int: 12    God:
Gold:   87         SH:  0    Dex: 10    Spells: 1 memorised, 7 levels left

rFire  . . .     SeeInvis .     e - +0 short sword
rCold  . . .     Gourm    .     a - +0 robe
rNeg   . . .     Faith    .     (no shield)
rPois  .         Spirit   +     (helmet restricted)
rElec  .         Dismiss  .     (no cloak)
rCorr  .         Reflect  .     (gloves unavailable)
MR     .....     Harm     .     (boots unavailable)
Stlth  +......... Rnd*Tele +    l - amulet of guardian spirit
                                (no ring)
                                o - ring of teleportation (curse)

@: no status effects
A: unfitting armour, tough skin 1
a: no special abilities


You were on level 3 of the Dungeon.
You were not hungry.

You visited 1 branch of the dungeon, and saw 4 of its levels.

You collected 87 gold pieces.

Inventory:

Hand Weapons
 e - a +0 short sword (weapon)
Armour
 a - a +0 robe (worn)
Jewellery
 l - an amulet of guardian spirit (around neck)
 o - a cursed ring of teleportation (left hand)
 p - an uncursed amulet of faith {unknown}
Scrolls
 m - a scroll of noise {unknown}
 n - a scroll of immolation {unknown}
 s - a scroll of enchant weapon {unknown}
Potions
 h - a potion of curing {unknown}
 t - a potion of brilliance {unknown}
Books
 b - a book of Debilitation

   Spells                             Type                      Level
   a - Corona                         Hexes                        1
   b - Slow                           Hexes                        2
   c - Gell's Gravitas                Hexes/Translocation          3
   d - Inner Flame                    Hexes/Fire                   3
   e - Cause Fear                     Hexes                        4
   f - Leda's Liquefaction            Hexes/Earth                  4
Comestibles
 f - a bread ration
 q - a royal jelly
 r - 4 fruits
 v - 6 chunks of flesh


   Skills:
 - Level 1.3 Fighting
 - Level 3.0 Throwing
 - Level 3.1 Dodging
 + Level 2.6 Spellcasting
 - Level 2.1 Hexes


You had 7 spell levels left.
You knew the following spells:

 Your Spells              Type           Power        Failure   Level  Hunger
a - Corona                Hex            #......      12%         1    #......


Dungeon Overview and Level Annotations

Branches:
Dungeon (4/15)             Temple (0/1) D:4

Altars:

Annotations:
D:2 Natasha


Innate Abilities, Weirdness & Mutations

You are too large for most types of armour.
You have tough skin. (AC +1)


Message History

You hit the yak.
The yak is severely wounded.
The yak gores you.
You closely miss the yak.
The yak is severely wounded.
The yak gores you!
You hit the yak.
The yak is severely wounded.
The yak closely misses you.
You completely miss the yak.
The yak is severely wounded.
The yak gores you!
* * * LOW HITPOINT WARNING * * *
The yak gores you.
* * * LOW HITPOINT WARNING * * *
You feel much better. The yak gores you!
You hit the yak.
The yak is almost dead.
The yak gores you!
You die...

#######
##.....##
##...@...##
#....Y....#
#.........#
#.........#
#....<....#
#.........#
##.......##
#....(....#
#.........#


You could see a yak.

Vanquished Creatures
  Natasha (D:2)
  2 gnolls (D:3)
  An adder (D:3)
  2 dart slugs
  An orc (D:3)
  A ball python (D:1)
  A giant cockroach (D:2)
  4 hobgoblins
  3 jackals
  3 quokkas
  4 bats
  3 frilled lizards
  2 goblins
  7 kobolds
  6 rats
41 creatures vanquished.

Notes
Turn   | Place    | Note
-------+----------+-------------------------------------------
     0 | D:1      | Lochraine the Ogre Arcane Marksman began the quest for the Orb.
     0 | D:1      | Reached XP level 1. HP: 19/19 MP: 2/2
    75 | D:1      | Reached XP level 2. HP: 16/27 MP: 3/3
   974 | D:2      | Reached XP level 3. HP: 33/33 MP: 4/4
  1183 | D:2      | Noticed Natasha
  1187 | D:2      | HP: 1/33 [Natasha (2)]
  1189 | D:2      | Killed Natasha
  1575 | D:2      | Noticed Natasha
  1648 | D:2      | Reached XP level 4. HP: 41/41 MP: 5/5
  1787 | D:4      | Found a staircase to the Ecumenical Temple.
  1787 | D:4      | Noticed a yak
  1787 | D:4      | Noticed a yak
  1788 | D:4      | Noticed a yak
  1811 | D:4      | Noticed a yak
  1861 | D:3      | Slain by a yak

Vault maps used:
D:1:      eino_arrival_tree_alley
D:2:      minmay_pentomino_q2, uniq_natasha
D:3:      zin_treasury, uniq_iyjb
D:4:      kennysheep_kobold_camp, lemuel_tele_altar

Skill      XL: |  1  2  3  4 |
---------------+-------------+-----
Dodging        | 2 3 |  3.1
Throwing       | 3 |  3.0
Spellcasting   | 2 |  2.6
Fighting       | |  1.3
Hexes          | |  2.1

Action                   |  1- 3 |  4- 6 || total
-------------------------+-------+-------++-------
Melee: Short sword       |    97 |    43 ||   140
       Unarmed           |     1 |       ||     1
Throw: Large rock        |     6 |     8 ||    14
       Tomahawk          |       |     3 ||     3
       Throwing net      |       |     2 ||     2
 Cast: Corona            |     1 |       ||     1
  Use: Potion            |       |     4 ||     4
       Scroll            |       |     3 ||     3
 Stab: Sleeping          |     1 |       ||     1
  Eat: Chunk             |     2 |     1 ||     3
Armor: Robe              |    29 |    21 ||    50
Dodge: Dodged            |    58 |    45 ||   103
